 Dungeon Crawl Stone Soup version 0.32-a0-909-gc671339a80 (webtiles) character file.

Game seed: 4518473795107847328

5202 Rohain the Magician (level 10, -5/79 HPs)
             Began as a Gnoll Warper on Apr 6, 2024.
             Was a Follower of Okawaru.
             Slain by a two-headed ogre
             ... wielding a +0 giant spiked club
              (26 damage)
             ... on level 9 of the Dungeon.
             The game lasted 00:16:05 (10603 turns).

Rohain the Magician (Gnoll Warper)                 Turns: 10603, Time: 00:16:05

Health: -5/79      AC: 12    Str: 12    XL:     10   Next: 60%
Magic:  18/21      EV: 17    Int: 12    God:    Okawaru [*.....]
Gold:   43         SH:  0    Dex: 15    Spells: 19/24 levels left

rFire   + . .        r - +2 spear (venom)
rCold   + . .        (no shield)
rNeg    . . .        p - +2 ring mail {rC+}
rPois   .            F - +2 helmet {rF+}
rElec   .            H - scarf {+Inv}
rCorr   .            v - +0 pair of gloves
SInv    .            (no boots)
Will    +....        (no amulet)
Stlth   ++           G - ring of willpower
HPRegen 0.33/turn    N - +5 ring of evasion
MPRegen 0.17/turn

%: no passive effects
@: no status effects
A: fangs 1, strong nose, distributed training
a: Renounce Religion, Evoke Invisibility, Heroism


You were on level 9 of the Dungeon.
You worshipped Okawaru.
Okawaru was aware of your devotion.
You visited 2 branches of the dungeon, and saw 10 of its levels.

You collected 463 gold pieces.
You spent 420 gold pieces at shops.

Inventory:

Hand Weapons
 a - a +0 falchion
 r - a +2 spear of venom (weapon)
 D - a +0 shortbow
Missiles
 d - 7 darts of dispersal
 m - 13 boomerangs
 s - 8 atropa-tipped darts
 z - 20 poisoned darts (quivered)
 B - 3 throwing nets
 E - 3 curare-tipped darts
Armour
 b - a +0 leather armour
 o - a +0 kite shield
 p - a +2 ring mail of cold resistance (worn)
 v - a +0 pair of gloves (worn)
 y - a +0 helmet
 F - a +2 helmet of fire resistance (worn)
 H - a scarf of invisibility (worn)
Jewellery
 j - the Hermit's Pendant {Faith Invo=14 Evo=0 MP+5}
   (You found it on level 6 of the Dungeon)

   [amulet of faith]

   Invo=14: It sets your Invocations skill to 14.
   Evo=0: It sets your Evocations skill to 0.
   Faith:     It allows you to gain divine favour quickly.
   MP+5:      It affects your magic capacity (+5).
 t - a ring of see invisible
 G - a ring of willpower (left hand)
 J - a ring of resist corrosion
 N - a +5 ring of evasion (right hand)
 P - a ring of flight
Scrolls
 c - 4 scrolls of blinking
 f - 2 scrolls of silence
 g - 4 scrolls of teleportation
 l - 2 scrolls of amnesia
 w - 2 scrolls of enchant armour
 I - a scroll of fog
 L - a scroll of revelation
 M - a scroll of fear
 O - a scroll of poison
 Q - a scroll of brand weapon
Potions
 e - a potion of ambrosia
 h - 3 potions of brilliance
 i - 6 potions of curing
 k - a potion of heal wounds
 n - 2 potions of lignification
 q - 4 potions of attraction
 u - a potion of enlightenment {unknown}
 x - 3 potions of haste
 A - 3 potions of mutation
 C - a potion of might {unknown}


   Skills:
 + Level 7.3 Fighting
 + Level 5.6 Short Blades
 + Level 7.3 Long Blades
 + Level 5.6 Axes
 + Level 5.6 Maces & Flails
 + Level 5.6 Polearms
 + Level 5.6 Staves
 + Level 5.6 Ranged Weapons
 + Level 6.2 Throwing
 + Level 6.2 Armour
 + Level 7.3 Dodging
 + Level 5.6 Stealth
 + Level 5.6 Shields
 + Level 5.6 Unarmed Combat
 + Level 7.6 Spellcasting
 + Level 4.6 Conjurations
 + Level 4.6 Hexes
 + Level 4.6 Summonings
 + Level 4.6 Necromancy
 + Level 7.3 Translocations
 + Level 4.6 Fire Magic
 + Level 4.6 Ice Magic
 + Level 4.6 Air Magic
 + Level 4.6 Earth Magic
 + Level 4.6 Alchemy
 + Level 6.2 Invocations
 + Level 5.6 Evocations
 + Level 5.1 Shapeshifting


You had 19 spell levels left.
You knew the following spells:

 Your Spells              Type           Power      Damage    Failure   Level
a - Blink                 Tloc           44%        N/A       2%          2
b - Maxwell's Portable P  Tloc           22%        2d(7-20)  4%          3

Your spell library contained the following spells:

 Spells                   Type           Power      Damage    Failure   Level
 Lesser Beckoning         Tloc           44%        N/A       2%          2
 Freeze                   Ice            60%        1d7       4%          1
 Sandblast                Erth           30%        2d9       4%          1
 Slow                     Hex            60%        N/A       4%          1
 Teleport Other           Tloc           22%        N/A       4%          3
 Confusing Touch          Hex            15%        N/A       14%         3
 Frozen Ramparts          Ice            30%        1d5       14%         3
 Hailstorm                Conj/Ice       15%        3d6       14%         3
 Inner Flame              Hex/Fire       15%        N/A       14%         3
 Stone Arrow              Conj/Erth      30%        3d8       14%         3
 Vampiric Draining        Necr           15%        2d7       14%         3
 Vhi's Electric Charge    Tloc/Air       36%        N/A       26%         4
 Brom's Barrelling Bould  Conj/Erth      15%        2d4       41%         4
 Irradiate                Conj/Alch      7%         3d14      77%         5
 Dispersal                Tloc           11%        N/A       94%         6
 Gell's Gavotte           Tloc           11%        2d(16-23) 94%         6
 Permafrost Eruption      Ice/Erth       7%         2x4d3     100%        6
 Manifold Assault         Tloc           11%        N/A       100%        7
 Disjunction              Tloc           11%        N/A       100%        8
 Ignition                 Fire           7%         3d5       100%        8
 Summon Ice Beast         Ice/Summ       Unusable   N/A       N/A         3
 Sculpt Simulacrum        Ice/Alch       Unusable   N/A       N/A         6

Dungeon Overview and Level Annotations

Branches:
Dungeon (9/15)             Temple (1/1) D:6
   Lair: D:8-11         Orc: D:9-12

Altars:
Ashenzari
Cheibriados
Dithmenos
Elyvilon
Fedhas
Gozag
Hepliaklqana
Kikubaaqudgha
Okawaru
Qazlal
Ru
Trog
Uskayaw
Wu Jian
Xom
Yredelemnul
Zin
The Shining One

Shops:
D:4 *   D:8 ?

Annotations:
D:3 1 runed translucent door, Crazy Yiuf


Innate Abilities, Weirdness & Mutations

You have very sharp teeth.
Your uncanny sense of smell can sniff out nearby items.
Your experience applies equally to all skills.


Message History

Press: ? - help, Q - select action, (/) - cycle Shift-Dir - straight line, f/p - two-headed ogre
Aim: a two-headed ogre, wielding two +0 giant spiked clubs (lightly wounded, very poisoned, 77% to hit)
You throw a poisoned dart.
The poisoned dart hits the two-headed ogre!
The two-headed ogre looks as sick as possible!
The two-headed ogre is lightly wounded.
Throw: 21 darts (poison)
Press: ? - help, Q - select action, (/) - cycle Shift-Dir - straight line, f/p - two-headed ogre
Aim: a two-headed ogre, wielding two +0 giant spiked clubs (lightly wounded, extremely poisoned, 77% to hit)
You throw a poisoned dart.
The poisoned dart barely misses the two-headed ogre.
Casting: Maxwell's Portable Piledriver (dangerous; 4% risk of failure)
Confirm with . or Enter, or press ? or * to list all spells.
Casting: Maxwell's Portable Piledriver (dangerous; 4% risk of failure)
Press: ? - help, Dir - look around, f - activate Space contracts around you and the two-headed ogre and then re-expands violently!
The two-headed ogre slams into the rock wall!
The two-headed ogre is severely wounded.
The two-headed ogre closely misses you.
The two-headed ogre hits you with a +0 giant spiked club!
You hit the two-headed ogre but do no damage.
The two-headed ogre looks as sick as possible!
You bite the two-headed ogre, but do no damage.
The two-headed ogre is heavily wounded.
You hit the two-headed ogre.
The two-headed ogre is severely wounded.
The two-headed ogre completely misses you.
The two-headed ogre hits you but does no damage.
You hit the two-headed ogre.
The two-headed ogre looks as sick as possible!
The two-headed ogre is severely wounded.
The two-headed ogre hits you with a +0 giant spiked club! x2
You hit the two-headed ogre.
The two-headed ogre is almost dead.
You closely miss the two-headed ogre. You bite the two-headed ogre.
The two-headed ogre is almost dead.
The two-headed ogre hits you with a +0 giant spiked club!!
* * * LOW HITPOINT WARNING * * *
The two-headed ogre hits you with a +0 giant spiked club!!
You die...

....(. #.......
#....(. #####
#.....# #.<..
#..#..# #>.#.
#..#..# #####..#<
#..#..# #......#.
#..O..## #......#.
#..@...# #.##...#.
#......# #........
#......# #........
#......#####........
#.................#.
#.?.................
#........##.........
#........##[.##.....
#...................


You could see a two-headed ogre (extremely poisoned).

Vanquished Creatures
  Joseph (D:7)
  Psyche (D:8)
  Grinder (D:5)
  Prince Ribbit (D:7)
  3 yaks
  2 wyverns
  A water moccasin (D:7)
  Duvessa (D:7)
  2 orc warriors
  6 ice beasts
  A sky beast (D:7)
  2 ogres (D:4)
  5 centaurs
  A phantom (D:5)
  3 kobold brigands
  2 bullfrogs
  3 scorpions
  Dowan (D:7)
  5 killer bees
  4 jellies
  4 hounds
  A bombardier beetle (D:6)
  6 orc priests
  2 gnoll boudas
  2 iguanas
  Natasha (thrice) (D:3)
  5 orc wizards
  Terence (D:2)
  10 gnolls
  8 adders
  5 white imps
  2 ufetubi
  A ribbon worm (D:4)
  2 dart slugs (D:4)
  21 orcs
  8 ball pythons
  4 bats
  4 endoplasms
  2 giant cockroaches (D:4)
  9 goblins
  9 hobgoblins
  2 jackals (D:2)
  22 kobolds
  4 quokkas
  4 frilled lizards
  5 rats
192 creatures vanquished.

Notes
Turn   | Place    | Note
-------+----------+-------------------------------------------
     0 | D:1      | Rohain the Gnoll Warper began the quest for the Orb.
     0 | D:1      | Reached XP level 1. HP: 20/20 MP: 6/6
   109 | D:1      | Reached XP level 2. HP: 23/26 MP: 7/7
   133 | D:1      | Learned a level 2 spell: Blink
   640 | D:1      | Reached skill level 5 in Spellcasting
   640 | D:1      | Reached XP level 3. HP: 31/31 MP: 7/9
  1151 | D:2      | Noticed Terence
  1228 | D:1      | Learned a level 3 spell: Maxwell's Portable Piledriver
  1636 | D:2      | Reached skill level 1 in Invocations
  2024 | D:2      | Killed Terence
  2025 | D:2      | Reached skill level 1 in Short Blades
  2025 | D:2      | Reached skill level 1 in Axes
  2025 | D:2      | Reached skill level 1 in Maces & Flails
  2025 | D:2      | Reached skill level 1 in Polearms
  2025 | D:2      | Reached skill level 1 in Staves
  2025 | D:2      | Reached skill level 1 in Ranged Weapons
  2025 | D:2      | Reached skill level 1 in Stealth
  2025 | D:2      | Reached skill level 1 in Shields
  2025 | D:2      | Reached skill level 1 in Unarmed Combat
  2025 | D:2      | Reached skill level 1 in Evocations
  2251 | D:3      | Reached skill level 1 in Shapeshifting
  2251 | D:3      | Reached XP level 4. HP: 38/38 MP: 11/11
  2301 | D:3      | Noticed Natasha
  2305 | D:3      | Killed Natasha
  2306 | D:3      | Reached skill level 1 in Conjurations
  2306 | D:3      | Reached skill level 1 in Hexes
  2306 | D:3      | Reached skill level 1 in Summonings
  2306 | D:3      | Reached skill level 1 in Necromancy
  2306 | D:3      | Reached skill level 1 in Fire Magic
  2306 | D:3      | Reached skill level 1 in Ice Magic
  2306 | D:3      | Reached skill level 1 in Air Magic
  2306 | D:3      | Reached skill level 1 in Earth Magic
  2306 | D:3      | Reached skill level 1 in Alchemy
  2419 | D:3      | Noticed Natasha
  2430 | D:3      | Killed Natasha
  2536 | D:3      | Reached XP level 5. HP: 40/43 MP: 12/12
  2816 | D:3      | Found a faded altar of an unknown god.
  2986 | D:3      | Noticed Natasha
  2989 | D:3      | Killed Natasha
  3051 | D:3      | Found a runed translucent door.
  3052 | D:3      | Noticed Crazy Yiuf
  3349 | D:4      | Noticed an ogre
  3359 | D:4      | Killed an ogre
  3360 | D:4      | Reached XP level 6. HP: 27/50 MP: 11/14
  3557 | D:4      | Found Kukonerph's Fire Supplies.
  3889 | D:4      | Reached skill level 5 in Fighting
  3889 | D:4      | Reached skill level 5 in Long Blades
  3889 | D:4      | Reached skill level 5 in Dodging
  4002 | D:4      | Found a hide-covered altar of Uskayaw.
  4320 | D:4      | Reached XP level 7. HP: 55/56 MP: 15/15
  4559 | D:5      | Entered Level 5 of the Dungeon
  4575 | D:5      | Noticed Grinder
  5137 | D:5      | You fall into a shaft and drop 1 floor!
  5211 | D:5      | Reached XP level 8. HP: 42/63 MP: 16/16
  5358 | D:5      | Paralysed by Grinder for 3 turns
  5367 | D:5      | Killed Grinder
  5955 | D:6      | Found a staircase to the Ecumenical Temple.
  6014 | Temple   | Entered the Ecumenical Temple
  6132 | D:4      | Bought a +2 helmet of fire resistance for 258 gold pieces
  6177 | D:6      | Found the Hermit's Pendant {Faith Invo=14 Evo=0 MP+5}
  6462 | D:5      | Reached XP level 9. HP: 55/69 MP: 18/18
  7071 | D:7      | Reached skill level 5 in Throwing
  7071 | D:7      | Reached skill level 5 in Armour
  7322 | D:7      | Noticed Joseph
  7344 | D:7      | Killed Joseph
  7570 | D:7      | Reached skill level 5 in Invocations
  7698 | D:7      | Noticed Dowan
  7707 | D:7      | Killed Dowan
  7731 | D:7      | Noticed Duvessa
  7741 | D:7      | Killed Duvessa
  7993 | D:7      | Noticed Prince Ribbit
  8002 | D:7      | Killed Prince Ribbit
  8186 | D:7      | Reached skill level 5 in Short Blades
  8186 | D:7      | Reached skill level 5 in Axes
  8186 | D:7      | Reached skill level 5 in Maces & Flails
  8186 | D:7      | Reached skill level 5 in Polearms
  8186 | D:7      | Reached skill level 5 in Staves
  8186 | D:7      | Reached skill level 5 in Ranged Weapons
  8186 | D:7      | Reached skill level 5 in Stealth
  8186 | D:7      | Reached skill level 5 in Shields
  8186 | D:7      | Reached skill level 5 in Unarmed Combat
  8186 | D:7      | Reached skill level 5 in Evocations
  8186 | D:7      | Reached XP level 10. HP: 75/77 MP: 20/20
  8963 | D:8      | Found an iron altar of Okawaru.
  8968 | D:8      | Became a worshipper of Warmaster Okawaru
  9125 | D:8      | Noticed Psyche
  9141 | D:8      | Killed Psyche
  9223 | D:8      | Reached skill level 5 in Shapeshifting
  9300 | D:8      | Found a blossoming altar of Fedhas.
  9303 | D:8      | Found an ancient bone altar of Kikubaaqudgha.
  9307 | D:8      | Found a hazy altar of Hepliaklqana.
  9601 | D:8      | Found Gologul's Magic Scroll Boutique.
  9605 | D:8      | Bought a scroll of identify for 24 gold pieces
  9605 | D:8      | Bought a scroll of revelation for 90 gold pieces
  9605 | D:8      | Bought a scroll of fear for 48 gold pieces
 10239 | D:9      | Noticed a two-headed ogre
 10269 | D:8      | Reached * piety under Okawaru
 10603 | D:9      | Slain by a two-headed ogre

Illustrated notes

Levels and vault maps discovered:
D:1:      elethiomel_arrival_quiet, layout_basic, minmay_tromino_v4_c
D:2:      layout_basic, uniq_terence
D:3:      layout_loops_ring, shapermc_ecumenical_altar_venn, uniq_natasha,
          uniq_crazy_yiuf_cottage
D:4:      minmay_chambers_of_twos, layout_basic, nicolae_uskayaw_dance_hall,
          nicolae_shop_fire_sale [nicolae_sub_dead_trees], minmay_crossroads
D:5:      layout_loops_ring, minmay_misc_feat_plants, uniq_grinder
D:6:      layout_basic, minmay_temple_entry_nine_rooms, minmay_diced_spiral
D:7:      layout_basic, uniq_prince_ribbit1, uniq_joseph, uniq_duvessa
D:8:      layout_cave_pools, hellmonk_okawaru_the_only_friend_you_need,
          grunt_temple_overflow_diamond, serial_shops,
          nicolae_shop_back_alley_shop, st_stairs_13,
          amcnicky_mini_rare_corridor_liquid, hex_medium, uniq_psyche
D:9:      layout_stronghold, grunt_temple_overflow_lords_of_destruction,
          chequers_serial_rivers_micro_e, minmay_misc_feat_secret_circle
Temple:   nicolae_temple_ecumenical_triangle

Skill      XL: |  1  2  3  4  5  6  7  8  9 10 |
---------------+-------------------------------+-----
Spellcasting   | 5 6 7 |  7.6
Invocations    | 1 2 3 4 5 6 |  6.2
Short Blades   | 1 2 3 5 |  5.6
Axes           | 1 2 3 5 |  5.6
Maces & Flails | 1 2 3 5 |  5.6
Polearms       | 1 2 3 5 |  5.6
Staves         | 1 2 3 5 |  5.6
Ranged Weapons | 1 2 3 5 |  5.6
Stealth        | 1 2 3 5 |  5.6
Shields        | 1 2 3 5 |  5.6
Unarmed Combat | 1 2 3 5 |  5.6
Evocations     | 1 2 3 5 |  5.6
Shapeshifting  | 1 2 3 4 5 |  5.1
Conjurations   | 1 2 3 4 |  4.6
Hexes          | 1 2 3 4 |  4.6
Summonings     | 1 2 3 4 |  4.6
Necromancy     | 1 2 3 4 |  4.6
Fire Magic     | 1 2 3 4 |  4.6
Ice Magic      | 1 2 3 4 |  4.6
Air Magic      | 1 2 3 4 |  4.6
Earth Magic    | 1 2 3 4 |  4.6
Alchemy        | 1 2 3 4 |  4.6
Throwing       | 3 4 5 6 |  6.2
Armour         | 3 4 5 6 |  6.2
Fighting       | 5 6 7 |  7.3
Long Blades    | 5 6 7 |  7.3
Dodging        | 5 6 7 |  7.3
Translocations | 6 7 |  7.3

Action                     |  1- 3 |  4- 6 |  7- 9 | 10-12 || total
---------------------------+-------+-------+-------+-------++-------
  Melee: Falchion          |    84 |    60 |       |       ||   144
         Bite              |     7 |     4 |    67 |    36 ||   114
         Spear             |       |    69 |   457 |   238 ||   764
  Throw: Dart              |       |     2 |       |     5 ||     7
   Cast: Maxwell's Portabl |     1 |     6 |     8 |    11 ||    26
         Blink             |     1 |     2 |       |       ||     3
    Use: Scroll            |       |     7 |     5 |     4 ||    16
         Potion            |       |       |     2 |     1 ||     3
   Stab: Sleeping          |     1 |     3 |     4 |     1 ||     9
         Distracted        |       |       |     2 |     1 ||     3
 Armour: Leather armour    |    51 |    21 |       |       ||    72
         Ring mail         |       |    58 |   323 |   171 ||   552
  Dodge: Dodged            |    50 |    68 |   234 |   189 ||   541

Table legend: (Time is in decaauts)
 A = Elapsed time spent in this place.
 B = Non-inter-level travel time spent in this place.
 C = Inter-level travel time spent in this place.
 D = Time resting spent in this place.
 E = Time spent auto-exploring this place.
 F = Levels seen in this place.
 G = Mean time per level.
                   A        B        C        D        E       F      G
               +--------+--------+--------+--------+--------+-----+--------+
         Total |  10525 |  10148 |    377 |   1688 |   6468 |  10 | 1052.5 |
       Dungeon |  10515 |  10138 |    377 |   1688 |   6468 |   9 | 1168.3 |
        Temple |      9 |      9 |      0 |      0 |      0 |   1 |    9.0 |
               +--------+--------+--------+--------+--------+-----+--------+

Top non-repeatable levels by time:
     D:5: 1396 daAuts
     D:4: 1384 daAuts
     D:8: 1343 daAuts
     D:7: 1338 daAuts
     D:2: 1164 daAuts
     D:3: 1119 daAuts
     D:1: 1078 daAuts
     D:6: 983 daAuts
     D:9: 707 daAuts
  Temple: 9 daAuts
